 Dungeon Crawl Stone Soup version 0.28-a0-503-g83f2989fac (webtiles) character file.

Game seed: 5251946399866256042

29 Umoon the Skirmisher (level 3, -3/29 HPs)
             Began as a Demonspawn Fighter on Sept 21, 2021.
             Slain by Robin (4 damage)
             ... on level 2 of the Dungeon.
             The game lasted 00:01:37 (1549 turns).

Umoon the Skirmisher (Demonspawn Fighter)           Turns: 1549, Time: 00:01:38

Health: -3/29      AC:  6    Str: 17    XL:     3   Next: 1%
Magic:  3/3        EV:  9    Int:  9    God:
Gold:   81         SH:  4    Dex: 12    Spells: 2/2 levels left

rFire   . . .      SeeInvis .   d - +0 dagger
rCold   . . .      Faith    .   b - +0 buckler
rNeg    . . .      Spirit   .   a - +0 scale mail
rPois   .          Reflect  .   (no helmet)
rElec   .          Harm     .   (no cloak)
rCorr   .          Rampage  .   (no gloves)
Will    .....                   (no boots)
Stlth   ..........              (no amulet)
HPRegen 0.09/turn               (no ring)
MPRegen 0.08/turn               (no ring)

@: no status effects
A: hooves 1, demonic guardian 1
a: no special abilities


You were on level 2 of the Dungeon.
You visited 1 branch of the dungeon, and saw 2 of its levels.

You collected 81 gold pieces.

Inventory:

Hand Weapons
 d - a +0 dagger (weapon)
Armour
 a - a +0 scale mail (worn)
 b - a +0 buckler (worn)
Scrolls
 e - 2 scrolls of noise {unknown}
 f - a scroll of acquirement {unknown}
Potions
 c - a potion of might


   Skills:
 + Level 3.3 Fighting
 + Level 3.0 Armour
 + Level 3.0 Shields
 + Level 2.2 Unarmed Combat


You had 2 spell levels left.
You didn't know any spells.
Your spell library was empty.

Dungeon Overview and Level Annotations

Branches:
Dungeon (2/15)

Altars:
Wu Jian

Annotations:
D:2 Robin


Innate Abilities, Weirdness & Mutations

You have large cloven feet.
A weak demonic guardian rushes to your aid.


Message History

Level annotation: Robin Robin hits you but does no damage.
The goblin closely misses you.
Robin roars a battlecry!
The goblin goes into a battle-frenzy!
There is a stone staircase leading up here.
You hit Robin.
Robin is moderately wounded.
The goblin closely misses you. Robin hits you but does no damage.
You barely miss the goblin. The goblin barely misses you.
Robin hits you but does no damage.
You barely miss the goblin. You kick the goblin.
The goblin is severely wounded.
The goblin hits you with a +0 club. Robin throws the goblin at you!
The goblin barely misses you. Robin closely misses you.
You closely miss Robin. You kick Robin, but do no damage.
Robin is moderately wounded.
The goblin hits you with a +0 club. Robin hits you with a +0 whip.
You hit Robin but do no damage.
Robin is moderately wounded.
The goblin closely misses you. Robin hits you but does no damage.
You completely miss Robin. You kick Robin.
Robin is moderately wounded.
You block the goblin's attack. Robin hits you with a +0 whip.
You hit Robin. Your kick misses Robin.
Robin is heavily wounded.
The goblin hits you with a +0 club. Robin barely misses you.
You hit Robin but do no damage.
Robin is heavily wounded.
The goblin barely misses you. Robin hits you with a +0 whip.
You hit Robin. You kick Robin, but do no damage.
Robin is heavily wounded.
The goblin hits you with a +0 club.
* * * LOW HITPOINT WARNING * * *
A demonic guardian appears!
Robin closely misses you.
You hit Robin.
Robin is severely wounded.
The goblin hits you with a +0 club.
* * * LOW HITPOINT WARNING * * *
Robin hits you with a +0 whip.
You die...

##.###### ##.#.....#
#####.#.#.##.#
#.....###..#.#
#.###.###..#.#
#.###.####...#.#.#
##...........##.#.#
...#.###.######5#g####
...#. #........@<...#
_....###.###.##..g#.##
.........###.##....##
....##.####...#..#.#
#. #...........#.#
#.####...##...# #.#
##.#####.# #.#
#.#####.## #.#
#........##


You could see Robin, a goblin (strong, ally target) and a friendly ufetubus
(summoned).

Vanquished Creatures
  A dart slug (D:1)
  A bat (D:1)
  3 endoplasms (D:1)
  3 giant cockroaches (D:1)
  4 goblins (D:1)
  3 hobgoblins (D:1)
  3 kobolds (D:1)
  4 rats
22 creatures vanquished.

Vanquished Creatures (collateral kills)
  A kobold (D:1)
1 creature vanquished.

Grand Total: 23 creatures vanquished

Notes
Turn   | Place    | Note
-------+----------+-------------------------------------------
     0 | D:1      | Umoon the Demonspawn Fighter began the quest for the Orb.
     0 | D:1      | Reached XP level 1. HP: 18/18 MP: 1/1
   226 | D:1      | Found a faded altar of an unknown god.
   331 | D:1      | Gained mutation: A weak demonic guardian rushes to your
                  | aid. [demonic ancestry]
   331 | D:1      | Reached XP level 2. HP: 18/24 MP: 2/2
  1323 | D:2      | Found an ornate altar of the Wu Jian Council.
  1353 | D:2      | Noticed Robin
  1535 | D:1      | Gained mutation: You have large cloven feet. [demonic
                  | ancestry]
  1535 | D:1      | Reached XP level 3. HP: 26/29 MP: 3/3
  1549 | D:2      | HP: 1/29 [goblin[Robin] (4)]
  1549 | D:2      | Slain by Robin

Illustrated notes

Levels and vault maps discovered:
D:1:      amcnicky_arrival_underground_garden, layout_basic,
          ebering_ecumenical_altar_sacrificial
D:2:      minmay_roachtagon, layout_loops_ring, basic_altar, uniq_robin

Skill      XL: |  1  2 |
---------------+-------+-----
Unarmed Combat | 2 |  2.2
Armour         | 3 |  3.0
Shields        | 3 |  3.0
Fighting       | |  3.3

Action                   || total
-------------------------++-------
Melee: Dagger            ||   135
       Unarmed           ||     6
       Kick              ||     4
Armor: Scale mail        ||    56
Dodge: Dodged            ||    62
Block: Buckler           ||    27

Table legend: (Time is in decaauts)
 A = Elapsed time spent in this place.
 B = Non-inter-level travel time spent in this place.
 C = Inter-level travel time spent in this place.
 D = Time resting spent in this place.
 E = Time spent auto-exploring this place.
 F = Levels seen in this place.
 G = Mean time per level.
                   A        B        C        D        E       F      G
               +--------+--------+--------+--------+--------+-----+--------+
         Total |   1555 |   1534 |     21 |    321 |    945 |   2 |  777.5 |
       Dungeon |   1555 |   1534 |     21 |    321 |    945 |   2 |  777.5 |
               +--------+--------+--------+--------+--------+-----+--------+

Top non-repeatable levels by time:
     D:1: 1450 daAuts
     D:2: 105 daAuts
